Map: Ever Dream LE

Players

Lyra - Winner!

  • Race: Terran Terran
  • League: Master
  • Spawn Location: 1:00

kirby

  • Race: Terran Terran
  • League: Master
  • Spawn Location: 7:00

VOD

Have the link to the VOD?

Description

Time

  • Played on: April 3, 2020, 8:33 p.m.
  • Length: 6:04
Show
View Real Time Build Order
Export as new Build Order

Lyra Terran - Winner!

Build Orders:  

Get SALT Encoding   

  12  0:00  SCV  
  13  0:12  SCV  
  14  0:17  Supply Depot  
  14  0:25  SCV  
  14  0:27  Refinery  
  15  0:38  SCV  
  16  0:44  Barracks  
  16  0:51  SCV  
  16  0:55  Refinery  
  17  1:03  SCV  
  18  1:15  SCV  
  19  1:31  Orbital Command, Reaper  
  20  1:34  Factory  
  20  1:42  Supply Depot  
  20  1:57  SCV  
  21  2:03  Reaper  
  22  2:09  SCV  
  23  2:18  Hellion  
  23  2:21  SCV  
  26  2:27  Command Center  
  26  2:33  SCV  
  26  2:36  Barracks Reactor  
  27  2:40  Supply Depot  
  27  2:41  Factory Tech Lab  
  27  2:45  SCV  
  27  2:51  Starport  
  28  2:58  SCV  
  29  3:02  Cyclone  
  32  3:10  SCV  
  33  3:14  Marine x2  
  33  3:17  Refinery  
  35  3:22  SCV  
  36  3:31  Fusion Core  
  35  3:35  SCV  
  36  3:42  Orbital Command  
  36  3:47  Cyclone, SCV  
  40  3:49  Marine  
  40  3:50  Marine  
  42  3:59  Starport Tech Lab, SCV  
  43  4:08  SCV  
  44  4:11  SCV  
  45  4:20  SCV  
  45  4:22  Battlecruiser  
  52  4:24  Supply Depot  
  52  4:25  SCV  
  53  4:33  SCV  
  54  4:46  Siege Tank, SCV x2  
  54  4:47  Supply Depot  
  59  4:58  SCV x2  
  61  5:03  Command Center  
  61  5:10  Supply Depot, SCV x2  
  63  5:22  SCV x2  
  65  5:34  Supply Depot, SCV x2  
  65  5:35  Refinery  
  73  5:46  SCV x2  
Show
View Real Time Build Order
Export as new Build Order

kirby Terran 

Build Orders:  

Get SALT Encoding   

  12  0:00  SCV  
  13  0:12  SCV  
  14  0:16  Supply Depot  
  14  0:25  SCV  
  14  0:27  Refinery  
  15  0:38  SCV  
  16  0:44  Barracks  
  16  0:52  SCV  
  17  0:59  Refinery  
  17  1:04  SCV  
  18  1:16  SCV  
  19  1:31  Orbital Command, Reaper  
  20  1:36  Factory  
  20  1:43  Supply Depot  
  20  2:02  SCV  
  20  2:03  Reaper  
  22  2:14  SCV  
  23  2:20  Hellion  
  25  2:26  SCV  
  25  2:28  Command Center  
  26  2:35  Reaper  
  26  2:36  Supply Depot  
  27  2:43  Hellion  
  29  2:47  SCV  
  30  2:54  Starport  
  30  2:59  SCV  
  31  3:06  Factory Tech Lab  
  31  3:07  Barracks Reactor  
  31  3:13  SCV  
  32  3:25  SCV  
  32  3:26  Cyclone  
  36  3:31  Starport Tech Lab  
  35  3:44  Orbital Command, SCV  
  35  3:45  Marine x2  
  36  3:53  Raven  
  38  3:57  SCV  
  39  4:03  Marine x2  
  39  4:09  SCV  
  42  4:12  SCV  
  42  4:16  Command Center, Siege Tank  
  46  4:20  Marine  
  46  4:21  Marine  
  48  4:24  Refinery  
  48  4:25  SCV  
  48  4:27  SCV  
  50  4:33  Supply Depot  
  50  4:35  Supply Depot  
  50  4:38  Marine x2  
  50  4:43  SCV x2  
  50  4:45  Starport Reactor  
  54  4:55  SCV  
  54  4:56  Siege Tank  
  54  4:58  SCV  
  59  5:03  Marine x2  
  59  5:06  Barracks  
  61  5:08  SCV  
  61  5:10  Barracks, Supply Depot  
  62  5:16  SCV  
  62  5:20  SCV  
  64  5:28  SCV  
  65  5:29  Engineering Bay x2  
  65  5:32  Refinery, Starport Reactor  
  65  5:34  SCV  
  63  5:47  SCV x2  
Tags
 
Matchup
TvT
Race
Terran
Spawn Locations
Cross Positions
Add a new tag
Caveats
  • Supply blocks, unpowered buildings, or Contaminate may cause inaccurate times.
  • Supply counts are checked every 10 seconds.